 Dungeon Crawl Stone Soup version 0.21.1-1-g345015f (webtiles) character file.

333 shakethe the Shield-Bearer (level 6, 0/39 HPs)
             Began as a Gargoyle Fighter on Feb 14, 2018.
             Slain by an orc
             ... wielding a +0 whip
              (3 damage)
             ... on level 4 of the Dungeon.
             The game lasted 00:06:24 (3586 turns).

shakethe the Shield-Bearer (Gargoyle Fighter)       Turns: 3586, Time: 00:06:24

Health: 0/39       AC: 17    Str: 25    XL:     6   Next: 53%
Magic:  6/6        EV:  4    Int:  8    God:
Gold:   243        SH: 10    Dex: 11    Spells: 5/5 levels left

rFire    . . .     SeeInvis .   a - +0 flail
rCold    . . .     Gourm    .   c - +0 shield
rNeg     + . .     Faith    .   g - +0 plate armour
rPois    ∞         Spirit   .   m - +0 helmet
rElec    +         Reflect  .   (no cloak)
rCorr    .         Harm     .   (no gloves)
MR       .....                  (no boots)
Stlth    ..........             (no amulet)
HPRegen  0.13/turn              (no ring)
MPRegen  0.10/turn              (no ring)

@: mighty
A: negative energy resistance 1, electricity resistance, unbreathing,
petrification resistance, rot immunity, AC +4
a: no special abilities


You were on level 4 of the Dungeon.
You were not hungry.

You visited 2 branches of the dungeon, and saw 6 of its levels.

You collected 243 gold pieces.

Inventory:

Hand Weapons
 a - a +0 flail (weapon)
Armour
 b - a +0 scale mail
 c - a +0 shield (worn)
 g - a +0 plate armour (worn)
   (You found it on level 1 of the Dungeon)
 m - a +0 helmet (worn)
   (You found it on level 2 of the Dungeon)
Jewellery
 s - an uncursed ring of poison resistance {unknown}
   (You found it on level 4 of the Dungeon)
Wands
 r - a wand of iceblast (5)
   (You found it on level 4 of the Dungeon)
 t - a wand of digging (12)
   (You found it on level 5 of the Dungeon)
Scrolls
 e - 8 scrolls of identify {unknown}
 h - a scroll of random uselessness {unknown}
 i - 3 scrolls of teleportation {unknown}
 k - a scroll of remove curse {unknown}
 n - a scroll of blinking {unknown}
 p - a scroll of enchant armour {unknown}
Potions
 l - 2 potions of degeneration {unknown}
 o - a potion of brilliance {unknown}
 q - 2 potions of flight {unknown}
Comestibles
 f - 11 rations


   Skills:
 + Level 4.5 Fighting
 * Level 4.4 Maces & Flails
 + Level 4.5 Armour
 + Level 4.5 Shields


You had 5 spell levels left.
You didn't know any spells.

Dungeon Overview and Level Annotations

Branches:
Dungeon (5/15)             Temple (1/1) D:4

Altars:
Cheibriados
Dithmenos
Gozag
Hepliaklqana
Kikubaaqudgha
Ru
Sif Muna
Trog
Uskayaw
Vehumet
Wu Jian
Xom
Yredelemnul
Zin
The Shining One

Shops:
D:4 }


Innate Abilities, Weirdness & Mutations

You are resistant to torment.
Your stone body is resilient. (AC +4)
You are immune to poison.
You resist negative energy. (rN+)
You are resistant to electric shocks. (rElec)
You can survive without breathing.
You are immune to petrification.
You are immune to rotting.


Message History

You eat one of the 2 chunks of flesh {@w0}.
Okay, then.
You open the door.
There is an open door here.
Found a stone staircase leading up.
Health restored: 39
e - 8 scrolls labeled SOABEKL YGOUTU (gained 1) As you open the door, it creaks loudly!
There is an open door here.
There is an ancient bone altar of Kikubaaqudgha here.
Done exploring.
Done exploring.
Done exploring.
Search for what [Enter for "altar", or ? for help]? oka Can't find anything matching that.
There is an entrance to Xeaweadi's Gadget Shop here.
There is a stone staircase leading down here.
You climb downwards.
You hear the sound of rushing water.
There is an entrance to a sewer on this level.
Hurry and find it before the portal rusts away!
There is a stone staircase leading up here.
t - a wand of digging (12)
An orc comes into view. It is wielding a flail.
The orc shouts!
The orc moves out of view.
An orc priest and an orc wizard come into view.
Unknown command.
An adder comes into view.
The orc priest shouts!
You hear a shout! x3; You hear an angry hiss.
An orc comes into view. It is wielding a whip.
The orc shouts!
You sock the orc!
You kill the orc!
The adder bites you but does no damage.
All of the chunks of flesh in your inventory have rotted away.
Your shield and plate armour prevent you from hitting the orc priest.
You block the adder's attack. You block the orc priest's attack.
The adder bites you but does no damage.
An orc priest comes into view. It is wielding a morningstar.
You barely miss the orc priest. You block the adder's attack.
The orc priest moves out of view.
The adder bites you but does no damage. You block the orc's attack.
The orc priest looks satisfied for a moment.
Found a stone staircase leading down.
Things that are here:
a flail; a leather armour; an orc corpse Your shield and plate armour prevent you from hitting the orc priest.
The orc hits you but does no damage. The adder bites you but does no damage.
The orc priest calls down the wrath of Beogh upon you.
Beogh smites you!
The orc priest invokes the aid of Beogh against you.
Beogh smites you! The adder bites you but does no damage.
You take 22 damage, and have 17/39 hp.
MASSIVE DAMAGE!!
You closely miss the orc priest. You block the orc priest's attack.
The adder bites you but does no damage.
The orc wizard mumbles some strange words.
The orc wizard blinks!
The orc priest hits you but does no damage.
Your shield and plate armour prevent you from hitting the orc priest.
The adder bites you but does no damage. You block the orc's attack.
The adder bites you but does no damage.
The orc priest invokes the aid of Beogh against you.
Beogh smites you!
* * * LOW HITPOINT WARNING * * *
You take 15 damage, and have 2/39 hp.
MASSIVE DAMAGE!!
You sock the orc priest!
You kill the orc priest!
You block the orc's attack. The adder bites you but does no damage.
You block the adder's attack. The adder bites you but does no damage.
Things that are here:
a club; a leather armour The orc wizard casts a spell.
The orc wizard seems to speed up.
The adder bites you but does no damage. You block the orc's attack.
The adder bites you but does no damage. The orc barely misses you.
You block the adder's attack. The adder barely misses you.
The orc priest miscasts a cantrip.
The orc wizard gestures wildly while chanting.
The orc wizard blinks!
The adder completely misses you.
There is a stone staircase leading up here.
The adder bites you but does no damage. The orc hits you but does no damage.
You climb upwards.
There is a stone staircase leading down here.
Okay, then.
You feel very mighty all of a sudden. The adder bites you but does no damage.
You block the orc's attack. You block the adder's attack.
You closely miss the adder. The adder bites you.
* * * LOW HITPOINT WARNING * * *
You block the orc's attack.
You take 1 damage, and have 3/39 hp.
You miss the adder. You block the adder's attack.
The orc hits you but does no damage. You block the adder's attack.
You closely miss the adder. You block the orc's attack.
The adder bites you but does no damage. The orc hits you with a whip.
You die...

#.....# #.####.###
#.#...# #........#
#.#.#.# #.###....#
#.#.#.# #.###....###
#.#'#.###..........#
#...........>......#
##.....###..........#
##.......##........###
#.........###...@.##
+<........'...#o.S.#
#.........###....#.#
##.......## ###.##.#
##.....## ####.#
##...## #.# ##+## #.#
#.# #.#
#.############.#


You could see an adder and an orc.

Vanquished Creatures
  3 orc priests
  An orc wizard (D:4)
  3 worker ants (D:4)
  A hound skeleton (D:4)
  5 adders
  3 worms
  A dart slug (D:1)
  3 leopard geckos
  5 orcs
  A ball python (D:3)
  4 bats
  A giant cockroach (D:2)
  3 goblins
  15 hobgoblins
  6 jackals
  8 kobolds
  5 quokkas
  A frilled lizard (D:3)
  11 rats
80 creatures vanquished.

Vanquished Creatures (others)
  5 toadstools (D:1)
5 creatures vanquished.

Grand Total: 85 creatures vanquished

Notes
Turn   | Place    | Note
-------+----------+-------------------------------------------
     0 | D:1      | shakethe the Gargoyle Fighter began the quest for the Orb.
     0 | D:1      | Reached XP level 1. HP: 14/14 MP: 1/1
   197 | D:1      | Reached XP level 2. HP: 16/19 MP: 2/2
   621 | D:1      | Reached XP level 3. HP: 23/23 MP: 3/3
  1280 | D:2      | Reached skill level 3 in Maces & Flails
  1280 | D:2      | Reached XP level 4. HP: 24/29 MP: 4/4
  1555 | D:3      | Reached skill level 4 in Shields
  1752 | D:3      | Reached skill level 4 in Fighting
  1752 | D:3      | Reached skill level 4 in Armour
  1752 | D:3      | Reached XP level 5. HP: 29/33 MP: 5/5
  1827 | D:3      | Found a bloodstained altar of Trog.
  2162 | D:4      | Found Xeaweadi's Gadget Shop.
  2312 | D:4      | Reached skill level 4 in Maces & Flails
  2449 | D:4      | Found a glowing silver altar of Zin.
  2449 | D:4      | Found a hazy altar of Hepliaklqana.
  2475 | D:4      | Found a staircase to the Ecumenical Temple.
  2516 | Temple   | Entered the Ecumenical Temple
  2825 | D:4      | Found a snail-covered altar of Cheibriados.
  3019 | D:4      | HP: 3/33 [orc priest/divine providence (10)]
  3023 | D:4      | Reached XP level 6. HP: 7/39 MP: 6/6
  3030 | D:4      | HP: 7/39 [orc wizard/puff of flame (7)]
  3037 | D:4      | HP: 5/39 [orc/dagger (2)]
  3330 | D:4      | Found an ancient bone altar of Kikubaaqudgha.
  3545 | D:5      | Entered Level 5 of the Dungeon
  3568 | D:5      | HP: 2/39 [orc priest/divine providence (16)]
  3584 | D:4      | HP: 3/39 [adder (1)]
  3586 | D:4      | Slain by an orc

Skill      XL: |  1  2  3  4  5 |
---------------+----------------+-----
Maces & Flails | 3 4 |  4.4
Shields        | 4 |  4.5
Fighting       | 4 |  4.5
Armour         | 4 |  4.5

Action                   |  1- 3 |  4- 6 || total
-------------------------+-------+-------++-------
Melee: Flail             |   173 |   237 ||   410
  Use: Potion            |       |     3 ||     3
  Eat: Chunk             |     2 |     7 ||     9
Armor: Plate armour      |   131 |   215 ||   346
       Scale mail        |     2 |       ||     2
Dodge: Dodged            |    26 |    31 ||    57
Block: Shield            |   101 |   160 ||   261

Vault maps used:
D:1:      ldierk_walled_garden, patterned_corridor
D:2:      first_ration
D:3:      bloody_trog, kennysheep_potato
D:4:      lemuel_crystal_altar, gammafunk_temple_overflow_elements,
          lemuel_crystal_altar, minmay_temple_entry_statues_pillars,
          serial_shops, shop
D:5:      nemelex_xobeh_ov_fountains_minmay, cheibrodos_sewer_entry_bend,
          uniq_pikel
Temple:   dpeg_chambers_temple

Table legend:
 A = Turns spent in this place as a percentage of turns spent in the entire game.
 B = Non-inter-level travel turns spent in this place as a percentage of non-inter-level travel turns spent in the entire game.
 C = Inter-level travel turns spent in this place as a percentage of turns spent in this place.
 D = Turns resting spent in this place as a percentage of non-inter-level travel turns spent in this place.
 E = Turns spent auto-exploring this place as a percentage of non-inter-level travel turns spent in this place.
 F = Non-inter-level travel turns spent in this place divided by the number of levels of this place that you've seen.
                   A       B       C       D       E      F
               +-------+-------+-------+-------+-------+----------------------
         Total | 100.0 | 100.0 |   0.0 |   6.5 |  65.1 | 597.7
       Dungeon |  93.1 |  93.1 |   0.0 |   7.0 |  64.7 | 667.8
        Temple |   6.9 |   6.9 |   0.0 |   0.0 |  70.0 | 247.0
               +-------+-------+-------+-------+-------+----------------------

Table legend:
 A = Kills in this place as a percentage of kills in entire the game.
 B = Kills by you in this place as a percentage of kills by you in the entire game.
 C = Kills by friends in this place as a percentage of kills by friends in the entire game.
 D = Other kills in this place as a percentage of other kills in the entire game.
 E = Experience gained in this place as a percentage of experience gained in the entire game.
 F = Experience gained in this place divided by the number of levels of this place that you have seen.
                   A       B       C       D       E      F
               +-------+-------+-------+-------+-------+----------------------
         Total | 100.0 | 100.0 |   N/A |   N/A | 100.0 |  79.5
       Dungeon | 100.0 | 100.0 |   N/A |   N/A | 100.0 |  95.4
               +-------+-------+-------+-------+-------+----------------------
